 Dungeon Crawl Stone Soup version 0.30.2 (webtiles) character file.

Game seed: 8368338996079929136

112 porpoise the Shooter (level 4, -2/27 HPs)
             Began as a Tengu Hunter on Feb 29, 2024.
             Succumbed to an adder's poison
             ... on level 4 of the Dungeon.
             The game lasted 00:06:56 (2417 turns).

porpoise the Shooter (Tengu Hunter)                 Turns: 2417, Time: 00:06:56

Health: -2/27      AC:  3    Str: 11    XL:     4   Next: 95%
Magic:  5/5        EV: 12    Int: 10    God:
Gold:   111        SH:  0    Dex: 19    Spells: 3/3 levels left

rFire   . . .        a - +0 shortbow
rCold   . . .        (shield currently unavailable)
rNeg    . . .        c - +0 leather armour
rPois   +            (helmet restricted)
rElec   .            (no cloak)
rCorr   .            (no gloves)
SInv    .            (boots unavailable)
Will    .....        m - amulet of the acrobat
Stlth   ++           i - ring of poison resistance
HPRegen 0.24/turn    (no ring)
MPRegen 0.09/turn

%: acrobat
@: lethally poisoned (-2 -> -11)
A: beak, talons 3
a: no special abilities


You were on level 4 of the Dungeon.
You visited 1 branch of the dungeon, and saw 4 of its levels.

You collected 111 gold pieces.

Inventory:

Hand Weapons
 a - a +0 shortbow (weapon)
 b - the +8 trident of the Octopus King {venom, rElec rPois}
   (You found it on level 3 of the Dungeon)

   rElec:     It insulates you from electricity.
   rPois:     It protects you from poison.
Missiles
 j - 3 javelins
 s - a silver boomerang
Armour
 c - a +0 leather armour (worn)
Jewellery
 i - a ring of poison resistance (left hand)
 m - an amulet of the acrobat (around neck)
 n - an amulet of magic regeneration
Scrolls
 e - a scroll of fog {unknown}
 f - a scroll of noise {unknown}
 k - a scroll of teleportation {unknown}
 o - a scroll of vulnerability {unknown}
 t - 2 scrolls of immolation
 u - a scroll of enchant armour {unknown}
Potions
 d - a potion of curing
 g - a potion of cancellation {unknown}
 h - a potion of heal wounds
 l - a potion of brilliance {unknown}
 p - a potion of might {unknown}
 q - 2 potions of flight


   Skills:
 + Level 2.9 Fighting
 * Level 5.6 Ranged Weapons
 - Level 2.1 Dodging
 + Level 2.6 Stealth


You had 3 spell levels left.
You didn't know any spells.
Your spell library contained the following spells:

 Spells                   Type           Power      Damage    Failure   Level
 Beastly Appendage        Tmut           0%         N/A       45%         1
 Wereblood                Tmut           0%         N/A       58%         2
 Frozen Ramparts          Ice            0%         1d1       83%         3
 Inner Flame              Hex/Fire       0%         N/A       83%         3
 Spider Form              Tmut/Pois      0%         N/A       83%         3
 Ice Form                 Ice/Tmut       0%         N/A       99%         4
 Summon Ice Beast         Ice/Summ       0%         N/A       99%         4
 Yara's Violent Unravell  Hex/Tmut       0%         3d3       100%        5
 Enfeeble                 Hex            0%         N/A       100%        7


Dungeon Overview and Level Annotations

Branches:
Dungeon (4/15)
 Temple: D:4-7

Altars:
Ashenzari
Kikubaaqudgha
Qazlal
Sif Muna
Wu Jian
Yredelemnul

Shops:
D:2 (

Annotations:
D:3 1 runed translucent door
D:4 exclusion: ogre


Innate Abilities, Weirdness & Mutations

You have a beak for a mouth.
You have claws for feet.


Message History

You hear an angry hiss.
An adder comes into view.
You shoot an arrow.
The arrow hits the adder but does no damage.
The adder is severely wounded.
You shoot an arrow. The arrow barely misses the adder.
You shoot an arrow. The arrow closely misses the adder.
The adder barely misses you.
You shoot an arrow. The arrow barely misses the adder.
The adder bites you but does no damage. x2
You shoot an arrow. The arrow barely misses the adder.
The adder barely misses you. The adder bites you.
You shoot an arrow. The arrow misses the adder.
The adder closely misses you. The adder bites you.
The adder closely misses you. The adder bites you.
You shoot an arrow. The arrow misses the adder.
The adder bites you. The adder closely misses you. The adder bites you.
The adder closely misses you.
You shoot an arrow. The arrow barely misses the adder.
The adder bites you. The adder bites you but does no damage.
You shoot an arrow. The arrow closely misses the adder.
The adder misses you. The adder bites you. The adder closely misses you.
The adder bites you.
You shoot an arrow. The arrow misses the adder.
The adder bites you but does no damage. The adder bites you.
You are poisoned.
The adder poisons you! The adder bites you.
* * * LOW HITPOINT WARNING * * *
You shoot an arrow. The arrow misses the adder.
You feel sick. The adder bites you.
* * * LOW HITPOINT WARNING * * *
The adder bites you.
* * * LOW HITPOINT WARNING * * *
The adder barely misses you.
You shoot an arrow. The arrow closely misses the adder.
* * * LOW HITPOINT WARNING * * *
You feel sick. The adder closely misses you. The adder bites you.
* * * LOW HITPOINT WARNING * * *
You are more poisoned.
The adder poisons you!
The adder bites you but does no damage. x2
You shoot an arrow. The arrow barely misses the adder.
You die...

##.##..#####
##...## #..##
##.# #.# ...
####.###....
#...........
#...........
##@S..#.....
#[S..##....
.#....#....
............
#............
......###...
##....## ...
.## .#


You could see 2 adders.

Vanquished Creatures
  An orc wizard (D:3)
  Robin (D:2)
  A gnoll (D:1)
  An adder (D:2)
  3 dart slugs
  2 orcs (D:3)
  3 ball pythons
  3 bats
  2 endoplasms (D:1)
  13 goblins (D:2)
  7 hobgoblins
  A quokka (D:1)
  A frilled lizard (D:3)
  4 kobolds
  4 rats
47 creatures vanquished.

Notes
Turn   | Place    | Note
-------+----------+-------------------------------------------
     0 | D:1      | porpoise the Tengu Hunter began the quest for the Orb.
     0 | D:1      | Reached XP level 1. HP: 12/12 MP: 2/2
    41 | D:1      | Reached XP level 2. HP: 10/17 MP: 3/3
   190 | D:1      | Found a faded altar of an unknown god.
   830 | D:2      | Reached XP level 3. HP: 22/22 MP: 4/4
   881 | D:2      | Reached skill level 5 in Ranged Weapons
   882 | D:2      | Found Ojatwi's Antique Weapon Emporium.
  1141 | D:2      | Noticed Robin
  1150 | D:2      | Killed Robin
  1165 | D:2      | Reached XP level 4. HP: 11/27 MP: 5/5
  1528 | D:3      | Found a runed translucent door.
  1531 | D:3      | Noticed a human
  1535 | D:3      | Found a basalt altar of Yredelemnul.
  1777 | D:3      | Found an ornate altar of the Wu Jian Council.
  1792 | D:3      | Found an ancient bone altar of Kikubaaqudgha.
  1871 | D:3      | Found the +8 trident of the Octopus King {venom, rElec
                  | rPois}
  1924 | D:3      | Found a broken altar of Ashenzari.
  2224 | D:3      | Found a stormy altar of Qazlal.
  2224 | D:3      | Found a shimmering blue altar of Sif Muna.
  2365 | D:4      | Noticed an ogre
  2416 | D:4      | HP: 1/27 [adder (1)]
  2417 | D:4      | Succumbed to an adder's poison

Illustrated notes

Levels and vault maps discovered:
D:1:      tarquinn_simple_flora_water_b, layout_loops_ring,
          dreamdust_ecumenical_altar_grove
D:2:      layout_basic, serial_shops, nicolae_shop_back_alley_shop,
          minmay_fountain_box, uniq_robin
D:3:      layout_loops_ring, dk_yredelemnul_ordeal,
          mainiacjoe_overflow_six_doors_small, nicolae_overflow_squiral,
          gammafunk_temple_overflow_statue, serial_forest,
          infiniplex_forest_clump_tiny, infiniplex_forest_lined_1,
          infiniplex_forest_lined_corner, infiniplex_forest_straight_4,
          infiniplex_forest_lined_2
D:4:      layout_layer_cave, kennysheep_mini_moat, general_overflow_altar,
          minmay_crystal_room, uniq_eustachio, uniq_sigmund

Skill      XL: |  1  2  3 |
---------------+----------+-----
Ranged Weapons | 5 |  5.6
Stealth        | 2 |  2.6
Fighting       | |  2.9
Dodging        | |  2.1

Action                     |  1- 3 |  4- 6 || total
---------------------------+-------+-------++-------
  Melee: Shortbow          |       |     2 ||     2
         Kick              |       |     1 ||     1
   Fire: Shortbow          |    64 |    47 ||   111
    Use: Potion            |     1 |       ||     1
         Scroll            |       |     2 ||     2
 Armour: Leather armour    |     8 |    11 ||    19
  Dodge: Dodged            |    17 |    20 ||    37
